[Event "ICC tourney 2248 (120 10)"]
[Site "Internet Chess Club"]
[Date "2020.12.28"]
[Round "6"]
[White "FL2009"]
[Black "UltimateDL"]
[Result "1/2-1/2"]
[ICCResult "Game drawn by mutual agreement"]
[WhiteElo "1857"]
[BlackElo "1480"]
[Opening "Sicilian: Nimzovich-Rossolimo attack (with ...g6, without ...d6)"]
[ECO "B31"]
[NIC "SI.31"]
[Time "17:17:43"]
[PlyCount "49"]
[TimeControl "7200+10"]

1. e4 c5 2. Nf3 Nc6 3. Bb5 g6 4. O-O Bg7 5. c3 Nf6 6. Re1 O-O 7. d4 cxd4 8.
cxd4 d5 9. e5 Ne4 10. Nc3 Bf5 11. Bd3 Nxc3 12. bxc3 Qd7 13. Ba3 Bxd3 14.
Qxd3 Rac8 15. Qb5 Nxe5 16. Qxd7 Nxd7 17. Rxe7 Rfd8 18. Bb4 Bf8 19. Re2 Nf6
20. Rb1 b6 21. g3 Ne4 22. Rb3 f6 23. Nd2 Nxd2 24. Rxd2 Bxb4 25. cxb4 { Game
drawn by mutual agreement } 1/2-1/2

[Event "ICC tourney 2248 (120 10)"]
[Site "Internet Chess Club"]
[Date "2020.12.28"]
[Round "6"]
[White "TheChessShark"]
[Black "sanjeevraman"]
[Result "1-0"]
[ICCResult "Black resigns"]
[WhiteElo "1888"]
[BlackElo "1651"]
[Opening "French: Burn variation"]
[ECO "C11"]
[NIC "FR.05"]
[Time "17:17:15"]
[PlyCount "85"]
[TimeControl "7200+10"]

1. d4 Nf6 2. Nc3 d5 3. Bg5 e6 4. e4 dxe4 5. Nxe4 Be7 6. Bxf6 Bxf6 7. Nf3
Nc6 8. c3 b6 9. Bc4 O-O 10. Qe2 Bb7 11. O-O-O Qe7 12. h4 g6 13. h5 a6 14.
hxg6 fxg6 15. Kb1 b5 16. Bd3 b4 17. Nc5 Bc8 18. Be4 Bd7 19. Nxd7 Qxd7 20.
d5 exd5 21. Bxd5+ Kh8 22. Qe4 Qg7 23. Bxc6 Rab8 24. Rd7 Rf7 25. Rxf7 Qxf7
26. Ne5 Bxe5 27. Qxe5+ Qg7 28. Qxg7+ Kxg7 29. cxb4 Rxb4 30. Rd1 Rb6 31.
Rd7+ Kf6 32. Rxc7 Ke6 33. Bf3 h5 34. Rc6+ Rxc6 35. Bxc6 g5 36. Kc2 Kf5 37.
a4 a5 38. Kc3 g4 39. Kc4 h4 40. Kb5 h3 41. gxh3 gxh3 42. Bd7+ Kf4 43. Bxh3
{ Black resigns } 1-0

[Event "ICC tourney 2248 (120 10)"]
[Site "Internet Chess Club"]
[Date "2020.12.28"]
[Round "6"]
[White "Deveshc"]
[Black "Legolas08"]
[Result "0-1"]
[ICCResult "White checkmated"]
[WhiteElo "1491"]
[BlackElo "1807"]
[Opening "Caro-Kann: exchange variation"]
[ECO "B13"]
[NIC "CK.02"]
[Time "17:17:03"]
[PlyCount "120"]
[TimeControl "7200+10"]

1. e4 c6 2. d4 d5 3. exd5 cxd5 4. Bd3 Nc6 5. c3 Nf6 6. h3 e6 7. Nf3 Be7 8.
Bf4 O-O 9. O-O a6 10. Nbd2 Bd6 11. Bg5 h6 12. Bh4 b5 13. Re1 Be7 14. a3 Nd7
15. Bg3 Nb6 16. Bb1 Nc4 17. Nxc4 bxc4 18. Bf4 g5 19. Bh2 f5 20. Ne5 Nxe5
21. Bxe5 Bd6 22. Qh5 Bxe5 23. dxe5 Kg7 24. Qf3 Rb8 25. Qe2 Qb6 26. Ra2 Bd7
27. Bc2 Be8 28. Rd1 Bg6 29. Rda1 f4 30. Bxg6 Kxg6 31. Qg4 Rf5 32. Qf3 Rxe5
33. h4 Qb3 34. h5+ Kg7 35. Kf1 Qc2 36. g3 Qe4 37. Qxe4 Rxe4 38. f3 Re3 39.
Kf2 Rd3 40. Ke2 Rf8 41. g4 Rb8 42. Rd1 Rxd1 43. Kxd1 e5 44. Ke2 e4 45. a4
a5 46. Kf2 Kf6 47. fxe4 dxe4 48. Ke2 Ke5 49. b4 cxb3 50. Rb2 Kd5 51. Kd2
Kc4 52. Rb1 Rd8+ 53. Ke2 Rd3 54. Rc1 Rxc3 55. Rxc3+ Kxc3 56. Kf2 b2 57. Ke2
b1=Q 58. Kf2 Qc2+ 59. Ke1 Qg2 60. Kd1 Qd2# { White checkmated } 0-1

[Event "ICC tourney 2248 (120 10)"]
[Site "Internet Chess Club"]
[Date "2020.12.28"]
[Round "6"]
[White "BillietheKid"]
[Black "avats"]
[Result "1/2-1/2"]
[ICCResult "Game drawn by mutual agreement"]
[WhiteElo "1451"]
[BlackElo "1589"]
[Opening "French: Rubinstein variation"]
[ECO "C10"]
[NIC "FR.07"]
[Time "17:17:40"]
[PlyCount "75"]
[TimeControl "7200+10"]

1. e4 e6 2. d4 d5 3. Nc3 dxe4 4. Nxe4 Nd7 5. Nf3 Ngf6 6. Bg5 Be7 7. Ng3 O-O
8. Bd3 h6 9. Bf4 b6 10. c3 Bb7 11. O-O Re8 12. Ne5 Nxe5 13. dxe5 Nd5 14.
Bc1 Bf8 15. Qe2 Qe7 16. Qg4 Kh8 17. a3 Qd7 18. Bxh6 gxh6 19. Rad1 Qc6 20.
Nh5 Ne7 21. Nf6 Qxg2+ 22. Qxg2 Bxg2 23. Kxg2 Red8 24. Kh1 Bg7 25. f4 Rab8
26. Rf3 Nf5 27. Rg1 Bxf6 28. Bxf5 Be7 29. Be4 Rg8 30. Rgf1 f6 31. exf6 Bxf6
32. Rh3 Bg7 33. f5 exf5 34. Rxf5 Rgf8 35. Rd5 Rbd8 36. b3 Rxd5 37. Bxd5 Rd8
38. c4 { Game drawn by mutual agreement } 1/2-1/2

[Event "ICC tourney 2248 (120 10)"]
[Site "Internet Chess Club"]
[Date "2020.12.28"]
[Round "6"]
[White "JaredMWeiss"]
[Black "FlowingMelody"]
[Result "0-1"]
[ICCResult "White resigns"]
[WhiteElo "1670"]
[BlackElo "1307"]
[Opening "Ruy Lopez: closed defense"]
[ECO "C84"]
[NIC "RL.13"]
[Time "17:16:59"]
[PlyCount "52"]
[TimeControl "7200+10"]

1. e4 e5 2. Nf3 Nc6 3. Bb5 a6 4. Ba4 Nf6 5. O-O Be7 6. c3 Nxe4 7. Re1 Nf6
8. Nxe5 Nxe5 9. Rxe5 O-O 10. d4 d6 11. Re1 b5 12. Bc2 Bb7 13. Bg5 Nd5 14.
Bxe7 Nxe7 15. Re3 Ng6 16. Nd2 Qd7 17. Qh5 Bxg2 18. d5 c6 19. Bf5 Qc7 20.
dxc6 Qxc6 21. Ne4 d5 22. Ng5 h6 23. Nxf7 Nf4 24. Qg4 Rxf7 25. Qxf4 Be4 26.
Bh7+ Bxh7 { White resigns } 0-1

[Event "ICC tourney 2248 (120 10)"]
[Site "Internet Chess Club"]
[Date "2020.12.28"]
[Round "6"]
[White "sbendre"]
[Black "che8642"]
[Result "1/2-1/2"]
[ICCResult "Game drawn by mutual agreement"]
[WhiteElo "1525"]
[BlackElo "1532"]
[Opening "Sicilian: Kan variation"]
[ECO "B41"]
[NIC "SI.41"]
[Time "17:17:01"]
[PlyCount "84"]
[TimeControl "7200+10"]

1. e4 c5 2. Nf3 e6 3. d4 cxd4 4. Nxd4 a6 5. a3 b5 6. Nc3 Bb7 7. Be3 d6 8.
Be2 Nf6 9. f3 Nbd7 10. Qd2 d5 11. exd5 Nxd5 12. Nxd5 Bxd5 13. O-O Ne5 14.
Bf2 Be7 15. Rad1 O-O 16. Qe3 Qc7 17. Bg3 Nc4 18. Bxc4 Qxc4 19. Kh1 Rfd8 20.
c3 Bd6 21. Bxd6 Rxd6 22. Rf2 Rad8 23. Rfd2 Qc7 24. Ne2 Bc4 25. Ng3 h6 26.
Ne4 R6d7 27. Rxd7 Rxd7 28. Rxd7 Qxd7 29. Qd2 Qxd2 30. Nxd2 Kf8 31. Kg1 Ke7
32. Kf2 Kd6 33. Ke3 Kd5 34. Kf4 Kc5 35. Ke4 Bd5+ 36. Kd3 a5 37. b4+ axb4
38. axb4+ Kd6 39. c4 bxc4+ 40. Nxc4+ Kc6 41. Ne5+ Kb5 42. Nxf7 Kxb4 { Game
drawn by mutual agreement } 1/2-1/2

[Event "ICC tourney 2248 (120 10)"]
[Site "Internet Chess Club"]
[Date "2020.12.28"]
[Round "6"]
[White "Eagle2020"]
[Black "jgregora"]
[Result "1-0"]
[ICCResult "Black resigns"]
[WhiteElo "1505"]
[BlackElo "1686"]
[Opening "Petrov: Italian variation"]
[ECO "C42"]
[NIC "RG.01"]
[Time "17:17:15"]
[PlyCount "71"]
[TimeControl "7200+10"]

1. e4 e5 2. Nf3 Nf6 3. Bc4 Nxe4 4. O-O d5 5. Bb3 c6 6. d3 Nf6 7. Re1 Bd6 8.
Nxe5 O-O 9. Bg5 Nbd7 10. d4 a5 11. c3 Qc7 12. Bf4 c5 13. Nd2 a4 14. Bxa4
Rxa4 15. Qxa4 Nb6 16. Qd1 Ng4 17. Ndf3 f6 18. Nxg4 Bxf4 19. Ne3 g5 20. h3
f5 21. dxc5 Qxc5 22. Qd4 Qd6 23. Nxd5 Nxd5 24. c4 Qh6 25. Qxd5+ Kh8 26.
Qd4+ Kg8 27. Qd5+ Kh8 28. Re7 g4 29. Qd4+ Kg8 30. Qd5+ Kh8 31. Ne5 gxh3 32.
Nf7+ Rxf7 33. Qxf7 Bh2+ 34. Kxh2 hxg2+ 35. Kxg2 Qg5+ 36. Kf1 { Black
resigns } 1-0

[Event "ICC tourney 2248 (120 10)"]
[Site "Internet Chess Club"]
[Date "2020.12.28"]
[Round "6"]
[White "charismaticl33"]
[Black "rohitk14"]
[Result "1-0"]
[ICCResult "Black checkmated"]
[WhiteElo "1603"]
[BlackElo "1057"]
[Opening "Sicilian: Najdorf, Lipnitzky attack"]
[ECO "B86"]
[NIC "SI.13"]
[Time "17:17:43"]
[PlyCount "95"]
[TimeControl "7200+10"]

1. e4 c5 2. Nf3 d6 3. d4 cxd4 4. Nxd4 Nf6 5. Nc3 a6 6. Bc4 e6 7. Bb3 Be7 8.
f4 Nc6 9. Nxc6 bxc6 10. e5 dxe5 11. Qxd8+ Bxd8 12. fxe5 Nd7 13. Bf4 Bc7 14.
O-O-O Bxe5 15. Bxe5 Nxe5 16. Rd2 Ke7 17. Re1 Ng4 18. Ba4 Bd7 19. Ne4 Rhd8
20. h3 Nf6 21. Nc5 Be8 22. Rde2 Rd5 23. Nd3 c5 24. Bb3 Rg5 25. Ne5 h5 26.
Rf2 Rc8 27. a4 Bc6 28. Nxf7 Rxg2 29. Rxe6+ Kf8 30. Rxg2 Bxg2 31. Ne5 Bxh3
32. Rxa6 Bf5 33. Ra7 h4 34. Bc4 Be4 35. Rf7+ Ke8 36. Bb5+ Kd8 37. Rxg7 h3
38. Nf7+ Ke7 39. Ng5+ Kd6 40. Nxh3 Nd5 41. Rd7+ Ke5 42. c4 Nb4 43. Re7+ Kd4
44. Ng5 Bf5 45. Re2 Nd3+ 46. Kd2 Ne5 47. Re4+ Bxe4 48. Ne6# { Black
checkmated } 1-0

[Event "ICC tourney 2248 (120 10)"]
[Site "Internet Chess Club"]
[Date "2020.12.28"]
[Round "6"]
[White "jackl514"]
[Black "mnm1"]
[Result "1-0"]
[ICCResult "Black resigns"]
[WhiteElo "1580"]
[BlackElo "1460"]
[Opening "Sicilian: Richter-Rauzer, Rauzer attack, 7...a6 defense, 9...Be7"]
[ECO "B68"]
[NIC "SI.27"]
[Time "17:16:48"]
[PlyCount "101"]
[TimeControl "7200+10"]

1. e4 c5 2. Nf3 d6 3. d4 cxd4 4. Nxd4 Nf6 5. Nc3 Nc6 6. Bg5 e6 7. Qd2 Be7
8. O-O-O a6 9. f4 Bd7 10. Be2 b5 11. Bf3 Rc8 12. Kb1 O-O 13. Nxc6 Bxc6 14.
Bxf6 Bxf6 15. Qxd6 Qa5 16. Qd2 Ba8 17. Nd5 Qd8 18. Nxf6+ Qxf6 19. e5 Qe7
20. Bxa8 Rxa8 21. Qd6 Qb7 22. g3 Rac8 23. Qd7 Qb6 24. Rd6 Qc5 25. Rd2 h6
26. Qd6 Qe3 27. Rhd1 a5 28. Qd3 Qb6 29. Qd4 Qc6 30. Qf2 b4 31. Rd6 Qb7 32.
Qd2 a4 33. Rd4 b3 34. cxb3 axb3 35. a3 Rc2 36. Qb4 Qc7 37. Qxb3 Rc8 38.
Rd8+ Rxd8 39. Rxd8+ Qxd8 40. Qxc2 Qd5 41. b4 Qb5 42. Qc8+ Kh7 43. Kb2 Kg6
44. Qc2+ Kh5 45. h3 f6 46. exf6 gxf6 47. Qc5+ Qxc5 48. bxc5 f5 49. c6 e5
50. fxe5 f4 51. gxf4 { Black resigns } 1-0

[Event "ICC tourney 2248 (120 10)"]
[Site "Internet Chess Club"]
[Date "2020.12.28"]
[Round "6"]
[White "Niteshc"]
[Black "AlanZ"]
[Result "0-1"]
[ICCResult "White checkmated"]
[WhiteElo "1644"]
[BlackElo "1744"]
[Opening "Sicilian: Smith-Morra gambit"]
[ECO "B21"]
[NIC "SI.48"]
[Time "17:17:01"]
[PlyCount "94"]
[TimeControl "7200+10"]

1. e4 c5 2. d4 cxd4 3. c3 dxc3 4. Nxc3 Nc6 5. Nf3 d6 6. Bc4 Nf6 7. O-O e5
8. Qe2 Be7 9. Rd1 Be6 10. Bxe6 fxe6 11. Ng5 Nd4 12. Qc4 Qc8 13. Qd3 h6 14.
Nf3 Nxf3+ 15. Qxf3 O-O 16. Qg3 Kh8 17. Be3 a6 18. Rac1 Qe8 19. Qh3 Qf7 20.
f3 Rac8 21. Na4 Nh5 22. Nb6 Rxc1 23. Bxc1 Nf4 24. Bxf4 exf4 25. Rc1 Bf6 26.
b3 Bd4+ 27. Kh1 Bxb6 28. Rd1 Bc5 29. Qh4 Qf6 30. Qg4 e5 31. Qd7 Qf7 32. Qa4
h5 33. b4 Bd4 34. b5 axb5 35. Qxb5 Qxa2 36. Qxb7 Qf7 37. Qb5 g5 38. Qd5
Qxd5 39. exd5 g4 40. fxg4 hxg4 41. Rxd4 exd4 42. Kg1 d3 43. Kf2 Re8 44. g3
f3 45. Kg1 d2 46. Kf2 Re2+ 47. Kf1 d1=Q# { White checkmated } 0-1

[Event "ICC tourney 2248 (120 10)"]
[Site "Internet Chess Club"]
[Date "2020.12.28"]
[Round "6"]
[White "joeandjoe56"]
[Black "CharlesDQuigley"]
[Result "1-0"]
[ICCResult "Black resigns"]
[WhiteElo "1744"]
[BlackElo "1815"]
[Opening "Sicilian: Taimanov variation"]
[ECO "B49"]
[NIC "SI.40"]
[Time "17:17:30"]
[PlyCount "47"]
[TimeControl "7200+10"]

1. e4 c5 2. Nf3 e6 3. d4 cxd4 4. Nxd4 Nc6 5. Nc3 Qc7 6. Be3 a6 7. Be2 Nf6
8. O-O Be7 9. Nxc6 Qxc6 10. e5 Ne4 11. Nxe4 Qxe4 12. Qd4 Qxd4 13. Bxd4 O-O
14. a4 d6 15. exd6 Bxd6 16. Rfd1 Bc7 17. Bf3 a5 18. Ra3 Rd8 19. Rc3 Bf4 20.
Rcd3 e5 21. Bxe5 Rxd3 22. Rxd3 Bg5 23. Rb3 Bd7 24. Rxb7 { Black resigns }
1-0

[Event "ICC tourney 2248 (120 10)"]
[Site "Internet Chess Club"]
[Date "2020.12.28"]
[Round "6"]
[White "peekaboopenguin"]
[Black "vedantpmargale"]
[Result "1-0"]
[ICCResult "Black resigns"]
[WhiteElo "1636"]
[BlackElo "1493"]
[Opening "Sicilian"]
[ECO "B50"]
[NIC "SI.01"]
[Time "17:16:56"]
[PlyCount "49"]
[TimeControl "7200+10"]

1. e4 c5 2. Nf3 d6 3. c3 Nf6 4. Be2 Nxe4 5. Qa4+ Nc6 6. Qxe4 e6 7. d4 cxd4
8. Nxd4 Be7 9. Nxc6 bxc6 10. Qxc6+ Bd7 11. Qf3 O-O 12. O-O Qc7 13. Nd2 Bc6
14. Qg3 Bf6 15. Nf3 Qe7 16. Be3 Bd5 17. Rfd1 Rfd8 18. Bg5 Rab8 19. Bxf6
Qxf6 20. Rd2 Rdc8 21. Qxd6 Bxf3 22. Bxf3 Rd8 23. Qg3 Rxd2 24. Qxb8+ Rd8 25.
Qxa7 { Black resigns } 1-0

[Event "ICC tourney 2248 (120 10)"]
[Site "Internet Chess Club"]
[Date "2020.12.28"]
[Round "6"]
[White "sushivishwa"]
[Black "Knightboy123"]
[Result "1/2-1/2"]
[ICCResult "Game drawn by mutual agreement"]
[WhiteElo "1755"]
[BlackElo "1661"]
[Opening "Sicilian: closed"]
[ECO "B23"]
[NIC "SI.44"]
[Time "17:17:43"]
[PlyCount "52"]
[TimeControl "7200+10"]

1. e4 c5 2. Nc3 e6 3. g3 Nc6 4. Bg2 Nf6 5. Nge2 d5 6. d3 Be7 7. O-O O-O 8.
f4 a6 9. a4 d4 10. e5 dxc3 11. exf6 cxb2 12. Bxb2 Bxf6 13. Nc3 c4 14. Rb1
cxd3 15. cxd3 Qc7 16. Qg4 Rd8 17. Be4 Bxc3 18. Bxc3 f5 19. Qg5 fxe4 20.
dxe4 Qe7 21. Qh5 Qf7 22. Qe2 Qe7 23. Qc4 Kh8 24. Rb6 Qd6 25. Rf3 e5 26.
fxe5 Qe6 { Game drawn by mutual agreement } 1/2-1/2

[Event "ICC tourney 2248 (120 10)"]
[Site "Internet Chess Club"]
[Date "2020.12.28"]
[Round "6"]
[White "Pugnacious"]
[Black "NL008"]
[Result "0-1"]
[ICCResult "White resigns"]
[WhiteElo "1760"]
[BlackElo "1534"]
[Opening "Queen's pawn game"]
[ECO "D00"]
[NIC "QP.08"]
[Time "17:17:05"]
[PlyCount "106"]
[TimeControl "7200+10"]

1. d4 d5 2. e3 e6 3. Bd3 Bd6 4. Nd2 Nf6 5. f4 Nbd7 6. Ngf3 O-O 7. O-O b6 8.
Ne5 Bb7 9. Qf3 c5 10. c3 c4 11. Bc2 Ne8 12. Qh5 f5 13. h3 g6 14. Qf3 Nxe5
15. fxe5 Be7 16. Nxc4 Ba6 17. Nd2 Bxf1 18. Nxf1 b5 19. Ng3 b4 20. Bd2 Rc8
21. Ne2 a5 22. Nf4 Qd7 23. g4 Ng7 24. Kh2 a4 25. gxf5 exf5 26. Nxd5 bxc3
27. Bxc3 Bd8 28. Nf4 a3 29. Bb3+ Kh8 30. Qd5 Qxd5 31. Nxd5 Bg5 32. Nf4 Rc7
33. d5 Rfc8 34. e6 axb2 35. Bxb2 Rc2+ 36. Bxc2 Rxc2+ 37. Kg3 Rxb2 38. Rc1
Rb8 39. Rc7 Re8 40. a4 Bxf4+ 41. Kxf4 Rxe6 42. dxe6 Nxe6+ 43. Ke5 Nxc7 44.
a5 Kg7 45. Kd6 Na6 46. Kc6 g5 47. Kb6 f4 48. exf4 gxf4 49. Kxa6 f3 50. Kb7
f2 51. a6 f1=Q 52. a7 Qxh3 53. a8=Q Qh1+ { White resigns } 0-1

[Event "ICC tourney 2248 (120 10)"]
[Site "Internet Chess Club"]
[Date "2020.12.28"]
[Round "6"]
[White "kwen2008"]
[Black "hi987"]
[Result "1-0"]
[ICCResult "Black checkmated"]
[WhiteElo "1745"]
[BlackElo "1612"]
[Opening "Neo-Grünfeld, 6.cd Nxd5, 7.O-O"]
[ECO "D74"]
[NIC "KI.80"]
[Time "17:17:06"]
[PlyCount "121"]
[TimeControl "7200+10"]

1. d4 Nf6 2. c4 g6 3. g3 d5 4. cxd5 Nxd5 5. Bg2 Bg7 6. Nf3 O-O 7. O-O c6 8.
Nc3 Bf5 9. Nh4 Be6 10. e4 Nxc3 11. bxc3 Bc4 12. Re1 Nd7 13. Nf3 Qa5 14. Qc2
Rac8 15. Nd2 Nb6 16. Nxc4 Nxc4 17. Qb3 Bxd4 18. Qxc4 Bxc3 19. Bh6 Bxe1 20.
Bxf8 Rxf8 21. Rb1 Qd2 22. Qf1 Qxa2 23. Rxe1 c5 24. Ra1 Qe6 25. Rxa7 Rb8 26.
Qb5 b6 27. Rc7 h6 28. Rxc5 bxc5 29. Qxb8+ Kh7 30. Qc7 c4 31. Qc5 f6 32. Bf1
Qxe4 33. Bxc4 Qe1+ 34. Bf1 h5 35. Qd5 Kg7 36. Kg2 e6 37. Qd7+ Kh6 38. Qd8
Qe4+ 39. Kg1 Qf5 40. Qh8+ Kg5 41. h4+ Kg4 42. Qc8 Qe4 43. Kh2 Kf5 44. Bh3+
Ke5 45. Qc5+ Qd5 46. f4+ Ke4 47. Bg2+ Kd3 48. Bxd5 exd5 49. Qxd5+ Ke2 50.
Qe6+ Kf3 51. Qxf6 Kf2 52. Qxg6 Kf1 53. Qxh5 Kf2 54. f5 Kf1 55. f6 Kf2 56.
f7 Ke1 57. f8=Q Kd2 58. Qa3 Ke1 59. Qe5+ Kf2 60. Qeb2+ Kf1 61. Qaa1# {
Black checkmated } 1-0

[Event "ICC tourney 2248 (120 10)"]
[Site "Internet Chess Club"]
[Date "2020.12.28"]
[Round "6"]
[White "Ryan123455"]
[Black "chessmaster0981"]
[Result "1-0"]
[ICCResult "Black resigns"]
[WhiteElo "1646"]
[BlackElo "1557"]
[Opening "French: Steinitz, Boleslavsky variation"]
[ECO "C11"]
[NIC "FR.04"]
[Time "17:17:17"]
[PlyCount "87"]
[TimeControl "7200+10"]

1. e4 e6 2. d4 d5 3. Nc3 Nf6 4. e5 Nfd7 5. f4 c5 6. Nf3 Nc6 7. Be3 Be7 8.
dxc5 Nxc5 9. Qd2 a6 10. O-O-O b5 11. Qf2 Na4 12. Nxa4 bxa4 13. Bc5 Rb8 14.
Bxe7 Qxe7 15. Nd4 Qc5 16. Rd2 Qb6 17. c3 a3 18. Nxc6 Qxc6 19. Qd4 O-O 20.
Bd3 Bd7 21. g4 Rfc8 22. Rc2 axb2+ 23. Kb1 a5 24. f5 a4 25. f6 g6 26. Qf4
Qc5 27. h4 Qf8 28. h5 Be8 29. hxg6 fxg6 30. g5 Qf7 31. Qd4 Rc7 32. Rch2 Qf8
33. Be2 Rf7 34. Qg4 Rb6 35. Qd4 Rb8 36. Bg4 Bd7 37. Qd3 Qe8 38. Qxg6+ Kf8
39. Qh6+ Kg8 40. g6 Rb7 41. gxf7+ Qxf7 42. Rg2 Kh8 43. Be2 Bc6 44. Rg7 {
Black resigns } 1-0

[Event "ICC tourney 2248 (120 10)"]
[Site "Internet Chess Club"]
[Date "2020.12.28"]
[Round "6"]
[White "DrBoler"]
[Black "aditya7708"]
[Result "0-1"]
[ICCResult "White checkmated"]
[WhiteElo "1636"]
[BlackElo "1524"]
[Opening "Queen's pawn: London system"]
[ECO "A45"]
[NIC "QP.07"]
[Time "17:17:20"]
[PlyCount "126"]
[TimeControl "7200+10"]

1. d4 Nf6 2. Bf4 g6 3. e3 Bg7 4. Nf3 d6 5. c4 O-O 6. h3 Nbd7 7. Nc3 Re8 8.
Be2 a6 9. O-O Nh5 10. Bh2 c5 11. Re1 h6 12. Qc2 Rb8 13. a4 b6 14. Rad1 Bb7
15. Bd3 Nhf6 16. d5 Qc7 17. Ne2 e5 18. Nh4 e4 19. Nf4 exd3 20. Qxd3 Ne5 21.
Qc2 g5 22. Nh5 Nxh5 23. Nf3 Nxf3+ 24. gxf3 Bc8 25. h4 g4 26. fxg4 Bxg4 27.
Rc1 Qe7 28. Bg3 Nxg3 29. fxg3 Qe4 30. Qf2 Qf3 31. Qd2 Qxg3+ 32. Kf1 Bh3+
33. Ke2 Qg2+ 34. Kd1 Qxd2+ 35. Kxd2 Bxb2 36. Rg1+ Kh7 37. Rb1 Ba3 38. Rg3
Bb4+ 39. Ke2 Bf5 40. Rbg1 Rg8 41. Rxg8 Rxg8 42. Rf1 Bg6 43. Rf6 Bh5+ 44.
Kd3 Rd8 45. e4 Kg7 46. Rf5 Bg6 47. Rf1 Re8 48. Rg1 Kf6 49. Re1 Rxe4 50.
Rxe4 Bxe4+ 51. Kxe4 h5 52. Kf4 Bd2+ 53. Kf3 Ke5 54. Kg3 f5 55. Kf3 f4 56.
Ke2 Ke4 57. a5 bxa5 58. Kxd2 a4 59. Kc2 f3 60. Kb2 f2 61. Ka3 f1=Q 62. Kxa4
Qxc4+ 63. Ka5 Qb5# { White checkmated } 0-1

[Event "ICC tourney 2248 (120 10)"]
[Site "Internet Chess Club"]
[Date "2020.12.28"]
[Round "6"]
[White "playerlucky"]
[Black "cruiseship"]
[Result "0-1"]
[ICCResult "White checkmated"]
[WhiteElo "1802"]
[BlackElo "1716"]
[Opening "King's Indian: Smyslov system"]
[ECO "E61"]
[NIC "KI.76"]
[Time "17:16:58"]
[PlyCount "88"]
[TimeControl "7200+10"]

1. d4 Nf6 2. Nf3 g6 3. c4 d6 4. Nc3 Bg7 5. Bg5 O-O 6. e3 c5 7. Be2 Nc6 8.
O-O h6 9. Bh4 g5 10. Bg3 Nh5 11. a3 Nxg3 12. hxg3 f5 13. dxc5 dxc5 14. Qc2
a6 15. Rfd1 Qa5 16. Rac1 Be6 17. Nd5 Rad8 18. Bd3 b5 19. e4 fxe4 20. Bxe4
bxc4 21. Ne3 Nd4 22. Nxd4 Rxd4 23. Rxd4 Bxd4 24. Bh7+ Kh8 25. Qg6 Rf6 26.
Qc2 Qb5 27. Be4 Qxb2 28. Rb1 Qxc2 29. Bxc2 Bxe3 30. fxe3 Bf5 31. e4 Bg4 32.
Rb7 Be2 33. Rxe7 Bd3 34. Ba4 c3 35. Rc7 Rf1+ 36. Kh2 c4 37. e5 Re1 38. Rc8+
Kg7 39. Rc7+ Kg6 40. Be8+ Kf5 41. g4+ Kf4 42. g3+ Ke3 43. Bf7 Be4 44. Rxc4
Rh1# { White checkmated } 0-1

[Event "ICC tourney 2248 (120 10)"]
[Site "Internet Chess Club"]
[Date "2020.12.28"]
[Round "6"]
[White "Nikhilp"]
[Black "castle2king"]
[Result "1-0"]
[ICCResult "Black resigns"]
[WhiteElo "1737"]
[BlackElo "1562"]
[Opening "Ruy Lopez: closed, 9.d4"]
[ECO "C91"]
[NIC "RL.20"]
[Time "17:16:53"]
[PlyCount "66"]
[TimeControl "7200+10"]

1. e4 e5 2. Nf3 Nc6 3. Bb5 a6 4. Ba4 Nf6 5. O-O b5 6. Bb3 Be7 7. Re1 d6 8.
c3 O-O 9. d4 exd4 10. cxd4 Bg4 11. Be3 Re8 12. Bc2 Bf8 13. Nbd2 g6 14. h3
Bxf3 15. Qxf3 Na7 16. Bg5 Be7 17. Bb3 Rf8 18. Bh6 Qd7 19. e5 Nh5 20. Bxf8
Rxf8 21. e6 fxe6 22. Bxe6+ Qxe6 23. Rxe6 Rxf3 24. Nxf3 Kf7 25. Ree1 Bf6 26.
Rac1 c6 27. g3 Ng7 28. b4 Nf5 29. d5 c5 30. bxc5 dxc5 31. Rxc5 Be7 32. Rc7
Nc8 33. Rxc8 h5 { Black resigns } 1-0

[Event "ICC tourney 2248 (120 10)"]
[Site "Internet Chess Club"]
[Date "2020.12.28"]
[Round "6"]
[White "Mapking1"]
[Black "garynanoman"]
[Result "1/2-1/2"]
[ICCResult "Game drawn by repetition"]
[WhiteElo "1874"]
[BlackElo "1850"]
[Opening "Sicilian: accelerated fianchetto, modern variation with Bc4"]
[ECO "B35"]
[NIC "SI.33"]
[Time "17:16:54"]
[PlyCount "57"]
[TimeControl "7200+10"]

1. e4 c5 2. Nf3 g6 3. d4 cxd4 4. Nxd4 Nc6 5. Nc3 Bg7 6. Be3 Nf6 7. Bc4 O-O
8. Bb3 d6 9. f3 Bd7 10. Qd2 a5 11. a4 Rc8 12. g4 Ne5 13. Bh6 Qb6 14. Bxg7
Kxg7 15. O-O-O Qb4 16. h4 Nc4 17. Bxc4 Rxc4 18. h5 Ng8 19. hxg6 fxg6 20.
Qh2 h6 21. Nd5 Qxa4 22. c3 Qa1+ 23. Kc2 Ba4+ 24. b3 Qa2+ 25. Kc1 Qa1+ 26.
Kc2 Qa2+ 27. Kc1 Qa1+ 28. Kc2 Qa2+ 29. Kc1 { Game drawn by repetition }
1/2-1/2

[Event "ICC tourney 2248 (120 10)"]
[Site "Internet Chess Club"]
[Date "2020.12.28"]
[Round "6"]
[White "tricksterssbu"]
[Black "oregonchessguy"]
[Result "1-0"]
[ICCResult "Black resigns"]
[WhiteElo "1692"]
[BlackElo "1857"]
[Opening "Two knights defense (Modern bishop's opening)"]
[ECO "C55"]
[NIC "IG.01"]
[Time "17:17:43"]
[PlyCount "25"]
[TimeControl "7200+10"]

1. e4 e5 2. Nf3 Nc6 3. Bc4 Nf6 4. d3 d5 5. exd5 Nxd5 6. O-O Bc5 7. Bg5 Qd6
8. c3 O-O 9. Nbd2 Bf5 10. Nh4 Nce7 11. Bxd5 Nxd5 12. Nxf5 Qg6 13. Be3 {
Black resigns } 1-0

[Event "ICC tourney 2248 (120 10)"]
[Site "Internet Chess Club"]
[Date "2020.12.28"]
[Round "6"]
[White "HPenguin"]
[Black "Nacaroa-Dan"]
[Result "1/2-1/2"]
[ICCResult "Game drawn by mutual agreement"]
[WhiteElo "1819"]
[BlackElo "1640"]
[Opening "Scandinavian defense"]
[ECO "B01"]
[NIC "SD.03"]
[Time "17:16:57"]
[PlyCount "65"]
[TimeControl "7200+10"]

1. e4 d5 2. exd5 Nf6 3. d4 Bg4 4. Nf3 Qxd5 5. Be2 e6 6. a3 c6 7. Nc3 Qh5 8.
Bf4 Nbd7 9. Qd2 Nd5 10. Nxd5 Qxd5 11. h3 Bh5 12. O-O Nb6 13. b3 Bxf3 14.
Bxf3 Qd7 15. c4 Be7 16. a4 a5 17. Qe3 O-O 18. d5 Nc8 19. dxc6 bxc6 20. Rfd1
Qb7 21. c5 Bf6 22. Rab1 Ne7 23. g4 Nd5 24. Bxd5 exd5 25. g5 Rfe8 26. Qg3
Be7 27. Be3 Qb4 28. Rdc1 Bf8 29. Qf4 Re4 30. Qc7 Re6 31. Qf4 Re4 32. Qc7
Re6 33. Qf4 { Game drawn by mutual agreement } 1/2-1/2

[Event "ICC tourney 2248 (120 10)"]
[Site "Internet Chess Club"]
[Date "2020.12.28"]
[Round "6"]
[White "ybabji"]
[Black "vober6"]
[Result "1-0"]
[ICCResult "Black resigns"]
[WhiteElo "1854"]
[BlackElo "1876"]
[Opening "Giuoco Pianissimo: Italian four knights variation"]
[ECO "C50"]
[NIC "IG.02"]
[Time "17:16:48"]
[PlyCount "87"]
[TimeControl "7200+10"]

1. e4 e5 2. Nf3 Nc6 3. Bc4 Bc5 4. d3 Nf6 5. Nc3 d6 6. h3 h6 7. O-O O-O 8.
Be3 Bb6 9. Qd2 Be6 10. Bb3 Qe7 11. Nd5 Bxd5 12. Bxd5 Nd8 13. b4 Nxd5 14.
exd5 f5 15. Rfe1 Qf6 16. c4 f4 17. Bxb6 axb6 18. d4 Nf7 19. dxe5 dxe5 20.
Qc3 Rae8 21. Rac1 h5 22. c5 b5 23. Qd3 c6 24. d6 g5 25. Nd2 g4 26. Ne4 Qg7
27. h4 Ra8 28. Qb3 Kh8 29. Qe6 Nh6 30. d7 Rad8 31. Rcd1 g3 32. f3 Nf5 33.
Nd6 Nxd6 34. Rxd6 Rf7 35. Qe8+ Qg8 36. Qxe5+ Qg7 37. Qxh5+ Kg8 38. Rg6
Rfxd7 39. Rxg7+ Kxg7 40. Qg5+ Kh8 41. Qxf4 Rd1 42. Qxg3 Rg8 43. Qxg8+ Kxg8
44. Rxd1 { Black resigns } 1-0